AoeStats
← violetsage

Arena

508754989Analyzed
3v3 RM · 9d ago on Sep 23, 2026· 85m 53s· 6 players
Game mode
Random Map
Map size
Normal (6 player)
Population
200
Speed
Normal
Resources
Standard
Victory
Conquest
Starting age
Dark Age
Ending age
Imperial Age
RankedLock teamsTeams togetherTeam positionsShared explorationLock speedFull tech treeHidden civsTurbo modeCheats
Victory
Defeat
🇲🇽 Cumans · Mexico
1308
+15
🇪🇸 Varangians · Spain
1295
+15
🇦🇺 Aztecs · Australia
1226
+18
🇺🇸 Teutons · United States
1286
-16
🇺🇸 Saxons · United States
1277
-16
🇨🇴 Koreans · Colombia
1268
-16
Snorkiss89
11:06 Feudal Age
14:40 Castle Age
12:32 Double-Bit Axe
12:28 Horse Collar
14:56 Loom
15:59 Bow Saw
19:16 Wheelbarrow
19:28 Scale Mail Armor
21:02 Forging
23:04 Iron Casting
22:41 Pikeman
28:08 Fletching
32:27 Heavy Plow
33:36 Squires
36:38 Hand Cart
36:16 Gold Mining
36:18 Stone Mining
40:12 Imperial Age
39:14 Gold Shaft Mining
38:57 Chain Mail Armor
39:50 Arson
39:50 Gambesons
40:00 Gambesons
40:13 Elite Varangian Guard
41:32 Plate Mail Armor
42:21 Treadmill Crane
42:56 Masonry
43:27 Shield Wall
44:28 Conscription
45:41 Architecture
45:59 Siege Engineers
45:57 Bodkin Arrow
46:48 Ballistics
47:29 Chemistry
49:05 Halberdier
50:56 Bracer
51:05 Capped Ram
51:44 Heavy Scorpion
53:32 Two-Man Saw
53:49 Fortified Wall
59:54 Crop Rotation
60:14 Padded Archer Armor
60:04 Arrowslits
61:32 Elite Hearth Troop
62:32 Man-at-Arms
63:10 Long Swordsman
63:41 Two-Handed Swordsman
64:50 Murder Holes
64:21 Champion
65:48 Siege Ram
70:27 Town Watch
75:41 Guilds
Tattletale Strangler
8:17 Feudal Age
7:54 Loom
11:23 Fletching
14:40 Double-Bit Axe
16:08 Town Watch
17:58 Horse Collar
19:40 Wheelbarrow
24:35 Castle Age
25:43 Bow Saw
26:06 Bodkin Arrow
26:44 Guard Tower
29:45 Gold Mining
30:53 Hand Cart
38:32 Imperial Age
35:57 Pikeman
37:02 Scale Mail Armor
37:05 Squires
36:52 Gambesons
38:39 Stone Mining
39:12 Chain Mail Armor
39:22 Forging
38:48 Halberdier
40:07 Masonry
40:31 Plate Mail Armor
40:39 Iron Casting
42:33 Blast Furnace
42:47 Ballistics
43:28 Chemistry
42:41 Fortified Wall
43:07 Scale Barding Armor
43:06 Padded Archer Armor
42:43 Capped Ram
44:08 Conscription
44:10 Ironclad
43:26 Man-at-Arms
44:11 Long Swordsman
45:03 Two-Handed Swordsman
45:32 Arson
45:44 Champion
46:46 Town Patrol
49:10 Arrowslits
52:22 Crenellations
53:28 Hoardings
53:18 Ballistics
53:09 Siege Engineers
54:51 Elite Teutonic Knight
59:17 Heavy Plow
62:15 Heavy Scorpion
67:14 Crop Rotation
68:34 Ballistics
76:49 Bloodlines
78:13 Leather Archer Armor
79:29 Ring Archer Armor
81:54 Elite Skirmisher
ELEG | KYNBA
6:00 Loom
8:35 Feudal Age
9:59 Double-Bit Axe
17:39 Town Watch
20:18 Castle Age
19:19 Gold Mining
19:10 Horse Collar
21:15 Bow Saw
29:52 Fervor
34:14 Imperial Age
33:34 Wheelbarrow
34:26 Scale Mail Armor
34:36 Forging
34:16 Pikeman
34:56 Squires
34:41 Arson
35:19 Fletching
37:14 Two-Man Saw
37:40 Conscription
37:24 Heavy Plow
37:26 Bodkin Arrow
37:46 Chain Mail Armor
38:06 Iron Casting
37:59 Halberdier
39:29 Iron Casting
39:54 Bracer
41:20 Chemistry
40:40 Ballistics
42:06 Plate Mail Armor
PapuKong
10:00 Feudal Age
9:38 Loom
10:46 Double-Bit Axe
17:24 Town Watch
21:28 Horse Collar
22:28 Scale Mail Armor
25:59 Castle Age
24:02 Gold Mining
25:11 Fletching
26:20 Wheelbarrow
27:07 Bow Saw
28:06 Bloodlines
32:29 Imperial Age
30:12 Heavy Plow
30:46 Hand Cart
30:53 Stone Mining
32:13 Bodkin Arrow
33:18 Padded Archer Armor
33:25 Thumb Ring
32:58 Pikeman
33:53 Halberdier
34:49 Chain Mail Armor
36:04 Ballistics
37:11 Plate Mail Armor
39:45 Forging
38:57 Elite Skirmisher
41:19 Parthian Tactics
42:13 Conscription
42:02 Steppe Husbandry
43:29 Two-Man Saw
43:25 Leather Archer Armor
44:16 Murder Holes
44:55 Ring Archer Armor
48:12 Iron Casting
48:07 Elite Kipchak
51:46 Crop Rotation
53:10 Chemistry
55:28 Town Patrol
57:23 Hoardings
57:11 Scale Barding Armor
58:07 Blast Furnace
56:38 Capped Ram
60:01 Chain Barding Armor
59:05 Light Cavalry
72:42 Caravan
73:40 Plate Barding Armor
72:27 Hussar
80:43 Siege Ram
81:41 Masonry
violetsage
10:38 Feudal Age
11:21 Loom
15:50 Castle Age
14:46 Double-Bit Axe
14:43 Horse Collar
18:40 Fletching
24:05 Bodkin Arrow
32:52 Wheelbarrow
33:57 Scale Mail Armor
38:22 Imperial Age
35:32 Pikeman
37:29 Heavy Plow
37:43 Bow Saw
39:54 Bracer
44:39 Chain Mail Armor
45:52 Plate Mail Armor
46:29 Conscription
47:18 Garland Wars
48:03 Squires
50:00 Gold Mining
54:00 Elite Jaguar Warrior
59:26 Padded Archer Armor
60:53 Crossbowman
64:00 Caravan
63:58 Elite Skirmisher
76:24 Eagle Warrior
80:14 Man-at-Arms
80:39 Gambesons
81:07 Long Swordsman
82:54 Two-Handed Swordsman
84:27 Champion
85:25 Treadmill Crane
KRAIKTON
8:31 Loom
10:24 Feudal Age
14:00 Castle Age
12:25 Double-Bit Axe
12:31 Horse Collar
15:35 Bow Saw
19:28 Loom
20:46 Heavy Plow
21:17 Town Watch
23:10 Forging
24:00 Scale Barding Armor
25:15 Gold Mining
26:02 Bloodlines
26:24 Scale Barding Armor
27:57 Wheelbarrow
33:07 Town Patrol
33:48 Chain Barding Armor
34:04 Iron Casting
37:32 Stone Mining
38:36 Hand Cart
38:46 Husbandry
38:40 Fletching
38:52 Scale Mail Armor
40:03 Stone Shaft Mining
44:02 Imperial Age
41:49 Squires
41:34 Arson
42:32 Chain Mail Armor
45:26 Crop Rotation
45:57 Two-Man Saw
45:22 Elite Varangian Guard
47:13 Plate Mail Armor
47:44 Blast Furnace
48:05 Gothikon
51:48 Conscription
52:50 Vendel Legacy
54:12 Plate Barding Armor
53:26 Cavalier
60:33 Caravan
Connection lost

Rejoining the realm…

Still unreachable

The connection could not be restored.

Session expired

The server has moved on; the page needs a fresh start.